 Dungeon Crawl Stone Soup version 0.31-a0-841-g038b102fc3 (webtiles) character file.

Game seed: 10004670986426893728

16994 avis the Spry (level 12, 0/52 HPs)
             Began as a Felid Shapeshifter on Sept 27, 2023.
             Was an Initiate of Gozag.
             Succumbed to a cane toad's poison
             ... on level 2 of the Lair of Beasts.
             The game lasted 01:11:09 (12766 turns).

avis the Spry (Felid Shapeshifter)                 Turns: 12766, Time: 01:11:10

Health: 0/52       AC:  3    Str: 12    XL:     12   Next: 15%
Magic:  13/13      EV: 29    Int: 17    God:    Gozag
Gold:   1740       SH:  5    Dex: 19    Spells: 6/12 levels left
                                        Lives:  0   Deaths: 4

rFire   . .          .
                       - Unarmed
rCold   + . .        (shield unavailable)
rNeg    . . .        (body armour unavailable)
rPois   .            (helmet unavailable)
rElec   .            (cloak unavailable)
rCorr   .            (gloves unavailable)
SInv    +            (boots unavailable)
Will    +....        u - amulet of reflection
Stlth   +++++        v - +4 ring of slaying
HPRegen 0.28/turn    a - +6 ring of intelligence
MPRegen 0.13/turn

%: reflection
@: lethally poisoned (0 -> -17), blade hands, gold aura, hasted, very quick
A: very small, (claws 1), fangs 3, see invisible, speed 1, shaggy fur 3,
(stealthy paws), no weapons or thrown items, no armour, multi-lived
a: Begin Untransformation, Renounce Religion, Potion Petition, Call Merchant,
Bribe Branch


You were on level 2 of the Lair of Beasts.
You worshipped Gozag.
Gozag was most pleased with you.
You had blades for front paws.
You visited 3 branches of the dungeon, and saw 11 of its levels.

You collected 1878 gold pieces.
You spent 50 gold pieces at shops.
You paid 88 gold pieces to Gozag.

Inventory:

Jewellery
 a - a +6 ring of intelligence (right blade hand)
 u - an amulet of reflection (around neck)
 v - a +4 ring of slaying (left blade hand)
Talismans
 b - a beast talisman
 f - a flux talisman
 l - a blade talisman (active)
Wands
 r - a wand of digging (6)
 w - a wand of polymorph (5)
 x - a wand of light (1)
Scrolls
 g - a scroll of revelation
 h - 3 scrolls of blinking {unknown}
 i - 3 scrolls of amnesia {unknown}
 k - 2 scrolls of vulnerability {unknown}
 m - 3 scrolls of noise {unknown}
 n - 3 scrolls of teleportation
 o - 3 scrolls of fear {unknown}
 p - a scroll of fog
 q - a scroll of torment {unknown}
Potions
 c - 3 potions of haste
 d - a potion of cancellation {unknown}
 t - a potion of magic {unknown}
 z - a potion of brilliance {unknown}


   Skills:
 - Level 6.0 Fighting
 - Level 15.0 Dodging
 - Level 10.0 Stealth
 - Level 9.0 Unarmed Combat
 + Level 0.5 Spellcasting
 + Level 0.5 Ice Magic
 * Level 11.4 Shapeshifting


You had 6 spell levels left.
You knew the following spells:

 Your Spells              Type           Power      Damage    Failure   Level
o - Ozocubu's Armour      Ice            2%         N/A       50%         3
r - Frozen Ramparts       Ice            4%         1d1       50%         3

Your spell library contained the following spells:

 Spells                   Type           Power      Damage    Failure   Level
 Freeze                   Ice            8%         1d3       19%         1
 Ensorcelled Hibernation  Hex/Ice        2%         N/A       30%         2
 Cigotuvi's Dreadful Rot  Necr/Pois/Air  0%         N/A       34%         2
 Jinxbite                 Hex            0%         N/A       34%         2
 Hailstorm                Conj/Ice       1%         3d3       52%         3
 Ignite Poison            Fire/Tmut/Pois 0%         N/A       56%         3
 Anguish                  Hex/Necr       0%         N/A       92%         4
 Freezing Cloud           Conj/Ice/Air   0%         6-21      99%         5
 Metabolic Englaciation   Hex/Ice        0%         N/A       99%         5
 Simulacrum               Ice/Necr       Unusable   N/A       N/A         6

Dungeon Overview and Level Annotations

Branches:
Dungeon (8/15)             Temple (1/1) D:4            Lair (2/5) D:8
  Swamp: Lair:2-3    Shoals: Lair:2-3     Snake: Lair:2-3    Spider: Lair:2-3

Altars:
Ashenzari
Cheibriados
Dithmenos
Elyvilon
Fedhas
Gozag
Hepliaklqana
Makhleb
Nemelex Xobeh
Okawaru
Qazlal
Ru
Sif Muna
Uskayaw
Vehumet
Wu Jian
Yredelemnul
Zin
The Shining One

Shops:
D:4 !

Annotations:
Lair:1 exclusions: orange demon and 1 more exclusion, Amaemon


Innate Abilities, Weirdness & Mutations

You have blades for front paws.
((You have sharp claws.))
You have razor-sharp teeth.
You have supernaturally acute eyesight. (SInv)
You cover ground quickly. (Speed+)
Your thick and shaggy fur keeps you warm. (AC +3, rC+)
((Your paws help you pounce on unaware monsters.))
You are incapable of wielding weapons or throwing items.
You cannot wear armour.
You gain extra lives every three experience levels.


Message History

You kill the yak!
You barely miss the cane toad. You slash the cane toad!
The cane toad is lightly wounded.
The cane toad misses you.
You slash the cane toad! Your slash misses the cane toad.
The cane toad is moderately wounded.
The cane toad completely misses you.
You completely miss the cane toad.
The cane toad is moderately wounded.
The cane toad stings you!
You are poisoned.
The cane toad poisons you!
You slash the cane toad! You slash the cane toad.
You bite the cane toad, but do no damage.
The cane toad is almost dead.
You feel very sick. The cane toad stings you!!
You are lethally poisoned!
The cane toad poisons you!
The komodo dragon hisses menacingly.
You hit the cane toad.
The cane toad is almost dead.
You feel very sick. The cane toad misses you.
You feel yourself speed up.
* * * LOW HITPOINT WARNING * * *
You feel extremely sick. The cane toad completely misses you.
Okay, then.
* * * LOW HITPOINT WARNING * * *
You feel very sick.
You see here a +0 short sword.
You slice the cane toad!!
You kill the cane toad!
* * * LOW HITPOINT WARNING * * *
You feel sick.
* * * LOW HITPOINT WARNING * * *
You feel sick.
You die...
Your body crumbles into a pile of gold.

#..♣♣.#.♣ ♣.
#♣♣P~♣#....... #♣..♣.#
.♣. #+## ♣♣♣~#.......
♣...# ♣.♣ #..#
♣♣♣♣~#....... ♣..♣♣#.#♣
..# #♣~♣♣~#.......
#♣♣♣♣.♣#.#.####l# #~≈~P~#
........#8#...#l# #.~P~.#
#♣♣♣♣.♣#.#.##.#)###♣~♣♣♣#
♣.♣♣#)#♣#.#..# ♣♣~P♣ ♣.#
♣.♣♣#.#.@# ♣P~♣# #
♣.#♣.♣.♣#.##'## ♣♣♣~# #
..#.♣♣♣.#.....#♣♣P~♣# #
..#♣.♣.♣#.♣♣♣.#≈≈~P♣ ♣.#
♣.♣♣#.....#♣♣.♣♣ #.#
####### #.# ♣.♣ ♣♣.♣♣
♣♣♣♣♣♣F♣♣♣♣♣♣ #♣.≈.♣#
♣...........♣ #.≈≈≈.#


You could see a komodo dragon and a basilisk.

Vanquished Creatures
  A manticore (D:7)
  2 elephants (Lair:2)
  3 black mambas (Lair:2)
  6 cane toads
  10 komodo dragons
  2 rime drakes (Lair:2)
  A hornet (D:7)
  Grinder (D:3)
  2 polar bears
  4 blink frogs (Lair:2)
  15 yaks
  6 wyverns
  A basilisk (Lair:2)
  2 steam dragons
  15 water moccasins
  2 black bears (D:8)
  2 orc warriors
  An ice beast (D:6)
  A centaur (D:8)
  15 wolves
  3 phantoms
  2 kobold brigands
  12 bullfrogs
  A gnoll sergeant (D:6)
  2 scorpions
  A howler monkey (D:8)
  2 jellies
  3 hounds
  An orc priest (D:8)
  2 sleepcaps
  An iguana (D:7)
  4 orc wizards
  8 gnolls
  7 adders
  A white imp (D:6)
  A worm (D:2)
  A dart slug (D:3)
  21 orcs
  7 bats
  8 endoplasms
  5 giant cockroaches
  3 goblins
  7 hobgoblins
  3 jackals (D:1)
  2 quokkas
  7 ball pythons
  A frilled lizard (D:2)
  16 kobolds
  2 rats
226 creatures vanquished.

Notes
Turn   | Place    | Note
-------+----------+-------------------------------------------
     0 | D:1      | avis the Felid Shapeshifter began the quest for the Orb.
     0 | D:1      | Reached XP level 1. HP: 9/9 MP: 2/2
   176 | D:1      | Reached XP level 2. HP: 13/13 MP: 3/3
   207 | D:1      | Reached skill level 3 in Dodging
   359 | D:1      | Reached skill level 1 in Stealth
   636 | D:2      | Reached XP level 3. HP: 16/16 MP: 4/4
  1094 | D:3      | Reached XP level 4. HP: 7/21 MP: 5/5
  1499 | D:3      | Noticed Grinder
  1844 | D:3      | Reached skill level 4 in Dodging
  2510 | D:4      | Noticed a phantom
  2615 | D:4      | You fall into a shaft and drop 2 floors!
  2627 | D:5      | Entered Level 5 of the Dungeon
  2933 | D:4      | Reached XP level 5. HP: 24/24 MP: 6/6
  2965 | D:4      | Found a staircase to the Ecumenical Temple.
  2974 | Temple   | Entered the Ecumenical Temple
  2993 | Temple   | Became a worshipper of Gozag Ym Sagoz the Greedy
  3028 | D:4      | Found Jefempotu's Distillery.
  3061 | D:4      | Bought a potion of curing for 30 gold pieces
  3061 | D:4      | Bought 2 potions of degeneration for 20 gold pieces
  3374 | D:4      | Reached skill level 5 in Dodging
  3749 | D:4      | Found a shadowy altar of Dithmenos.
  3880 | D:4      | Found an iron altar of Okawaru.
  4259 | D:5      | Slain by a sleepcap
  4268 | D:5      | Noticed a phantom
  4386 | D:5      | Noticed a water moccasin
  4402 | D:5      | Killed a water moccasin
  4403 | D:5      | Reached skill level 6 in Dodging
  4403 | D:5      | Gained mutation: You are covered in thick fur. (AC +2)
                  | [Felid growth]
  4403 | D:5      | Reached XP level 6. HP: 9/28 MP: 7/7
  5154 | D:6      | Found a sacrificial altar of Ru.
  5186 | D:6      | Noticed an ice beast
  5189 | D:6      | Killed an ice beast
  5190 | D:6      | Reached skill level 5 in Shapeshifting
  5267 | D:6      | HP: 1/28 [white imp/puff of frost (13)]
  5306 | D:6      | Reached XP level 7. HP: 9/31 MP: 8/8
  5460 | D:6      | Found a snail-covered altar of Cheibriados.
  5505 | D:6      | HP: 1/32 [orc warrior/+0 flail (10)]
  5507 | D:6      | Slain by an orc warrior
  5603 | D:6      | Reached skill level 7 in Dodging
  5675 | D:6      | Found the +1 Delatra's gloves {ID++}
  6112 | D:6      | Reached skill level 5 in Stealth
  6528 | D:7      | Reached skill level 8 in Dodging
  6554 | D:7      | Slain by an orc warrior
  6592 | D:7      | Noticed a steam dragon
  6595 | D:7      | Killed a steam dragon
  6596 | D:7      | Reached XP level 8. HP: 36/36 MP: 9/9
  6712 | D:7      | Noticed a manticore
  6749 | D:7      | Reached skill level 9 in Dodging
  6857 | D:7      | HP: 1/36 [manticore (12)]
  6859 | D:7      | Killed a manticore
  7618 | D:5      | Reached skill level 5 in Fighting
  7798 | D:3      | Killed Grinder
  7842 | D:3      | Reached XP level 9. HP: 40/40 MP: 10/10
  8144 | D:7      | Reached skill level 5 in Unarmed Combat
  8554 | D:8      | Reached skill level 10 in Dodging
  8618 | D:8      | Found a staircase to the Lair.
  8638 | D:8      | Reached skill level 11 in Dodging
  9361 | Lair:1   | Entered Level 1 of the Lair of Beasts
  9371 | Lair:1   | Reached skill level 12 in Dodging
  9456 | Lair:1   | Noticed a komodo dragon
  9503 | Lair:1   | Killed a komodo dragon
  9504 | Lair:1   | Reached XP level 10. HP: 44/44 MP: 11/11
  9933 | Lair:1   | Noticed a cane toad
  9972 | Lair:1   | Killed a cane toad
 10020 | Lair:1   | Noticed a cane toad
 10033 | Lair:1   | Killed a cane toad
 10129 | Lair:1   | Noticed an orange demon
 10661 | Lair:1   | Reached XP level 11. HP: 48/48 MP: 12/12
 10840 | Lair:1   | Noticed Amaemon
 11177 | Lair:2   | Reached skill level 13 in Dodging
 11479 | Lair:2   | Reached skill level 14 in Dodging
 11865 | Lair:2   | Reached skill level 15 in Dodging
 11988 | Lair:2   | Reached skill level 10 in Stealth
 12125 | Lair:2   | Noticed a six-headed hydra
 12203 | Lair:2   | Reached skill level 10 in Shapeshifting
 12240 | Lair:2   | Demolished by a komodo dragon
 12353 | Lair:1   | Upgraded the game from 0.31-a0-836-g3ceb0a68c4 to
                  | 0.31-a0-841-g038b102fc3
 12357 | Lair:1   | Learned a level 3 spell: Ozocubu's Armour
 12361 | Lair:1   | Learned a level 3 spell: Frozen Ramparts
 12620 | Lair:2   | Gained mutation: Your thick and shaggy fur keeps you warm.
                  | (AC +3, rC+) [Felid growth]
 12620 | Lair:2   | Reached XP level 12. HP: 52/52 MP: 13/13
 12765 | Lair:2   | HP: 2/52 [poisoned by a cane toad]
 12766 | Lair:2   | Succumbed to a cane toad's poison

Illustrated notes

Levels and vault maps discovered:
D:1:      minmay_arrival_radiant_lines, layout_loops_cross,
          corexii_leaking_fountain
D:2:      layout_rooms, hex_medium
D:3:      layout_basic, uniq_grinder
D:4:      layout_basic, overflow_temple_1_default,
          mainiacjoe_overflow_six_doors_small, minmay_temple_entry_mist,
          serial_shops, nicolae_square_shop, minmay_misc_feat_x
D:5:      layout_loops_ring
D:6:      layout_basic, kennysheep_mini_moat,
          nicolae_ru_great_annihilating_truth, pf_guarded_unrand_delatra
D:7:      layout_gridville
D:8:      layout_basic, david_lair_generic, nicolae_eternal_life
Temple:   bh_familiar_temple
Lair:1:   layout_layer_cave, uniq_amaemon
Lair:2:   nzn_winding_woodlands_huge [nzn_winding_woodlands_5x15_lazy_stream,
          nzn_winding_woodlands_5x15_river_crossing,
          nzn_winding_woodlands_5x15_twine, nzn_winding_woodlands_5x15_jagged,
          nzn_winding_woodlands_5x15_pathside_ponds,
          nzn_winding_woodlands_5x15_eye, nzn_winding_woodlands_5x15_longhouse,
          nzn_winding_woodlands_5x15_default,
          nzn_winding_woodlands_5x15_sawtooth,
          nzn_winding_woodlands_5x15_pockets,
          nzn_winding_woodlands_center_diamonds,
          nzn_winding_woodlands_center_lodge,
          nzn_winding_woodlands_15x15_killbox], layout_regular_city, uniq_sonja

Skill      XL: |  1  2  3  4  5  6  7  8  9 10 11 12 |
---------------+-------------------------------------+-----
Fighting       | 2 3 4 5 6 |  6.0
Dodging        | 3 4 6 8 9 12 15 | 15.0
Stealth        | 2 3 4 6 8 10 | 10.0
Shapeshifting  | 5 7 9 10 11 | 11.4
Unarmed Combat | 4 6 9 |  9.0
Spellcasting   | |  0.5
Ice Magic      | |  0.5

Action                     |  1- 3 |  4- 6 |  7- 9 | 10-12 || total
---------------------------+-------+-------+-------+-------++-------
  Melee: Unarmed           |    75 |   184 |   239 |   385 ||   883
         Bite              |    10 |    13 |    41 |    53 ||   117
         Punch             |     1 |     1 |     5 |    12 ||    19
  Evoke: Wand              |       |     3 |    12 |     3 ||    18
    Use: Potion            |       |     4 |       |     8 ||    12
         Scroll            |       |       |     6 |     2 ||     8
   Stab: Sleeping          |     5 |     6 |     5 |     3 ||    19
         Paralysed         |       |     1 |       |       ||     1
         Distracted        |       |       |     1 |     3 ||     4
 Armour: Skin              |    17 |    67 |    59 |    50 ||   193
  Dodge: Dodged            |    43 |   148 |   161 |   261 ||   613
  Block: Other             |       |     1 |    40 |    59 ||   100
         Reflection        |       |       |     2 |     1 ||     3
   Form: Flux              |       |       |     1 |       ||     1
         Blade             |       |       |       |     1 ||     1

Table legend: (Time is in decaauts)
 A = Elapsed time spent in this place.
 B = Non-inter-level travel time spent in this place.
 C = Inter-level travel time spent in this place.
 D = Time resting spent in this place.
 E = Time spent auto-exploring this place.
 F = Levels seen in this place.
 G = Mean time per level.
                   A        B        C        D        E       F      G
               +--------+--------+--------+--------+--------+-----+--------+
         Total |  10917 |   9549 |   1368 |   2350 |   3910 |  11 |  992.5 |
       Dungeon |   7936 |   6801 |   1135 |   1394 |   3209 |   8 |  992.0 |
        Temple |     30 |     18 |     12 |      0 |      0 |   1 |   30.0 |
          Lair |   2951 |   2731 |    220 |    956 |    701 |   2 | 1475.5 |
               +--------+--------+--------+--------+--------+-----+--------+

Top non-repeatable levels by time:
  Lair:1: 1806 daAuts
     D:6: 1413 daAuts
     D:3: 1253 daAuts
     D:4: 1170 daAuts
  Lair:2: 1144 daAuts
     D:7: 1015 daAuts
     D:5: 952 daAuts
     D:8: 899 daAuts
     D:2: 669 daAuts
     D:1: 561 daAuts
  Temple: 30 daAuts
